 Dungeon Crawl Stone Soup version 0.28.0-45-g0d030f2227 (webtiles) character file.

Game seed: 6491047738893662970

1031 raph the Basher (level 8, -3/74 HPs)
             Began as a Minotaur Fighter on Apr 9, 2022.
             Was a Follower of Okawaru.
             Slain by an unseen horror (6 damage)
             ... on level 5 of the Dungeon.
             The game lasted 00:07:59 (5354 turns).

raph the Basher (Minotaur Fighter)                  Turns: 5354, Time: 00:08:00

Health: -3/74      AC: 17    Str: 22    XL:     8   Next: 3%
Magic:  7/7        EV:  9    Int:  5    God:    Okawaru [*.....]
Gold:   36         SH:  4    Dex: 11    Spells: 7/7 levels left

rFire   + . .      SeeInvis .   a - +0 flail (vamp)
rCold   . . .      Faith    .   c - +0 buckler
rNeg    . . .      Spirit   .   q - +0 chain mail
rPois   +          Reflect  .   (helmet restricted)
rElec   .          Harm     .   x - +2 cloak {rPois}
rCorr   +          Rampage  .   f - +0 pair of gloves
Will    .....                   y - +0 pair of boots
Stlth   ..........              (no amulet)
HPRegen 0.22/turn               n - ring of resist corrosion
MPRegen 0.10/turn               l - ring of protection from fire

@: no status effects
A: horns 2, retaliatory headbutt
a: Renounce Religion, Heroism


You were on level 5 of the Dungeon.
You worshipped Okawaru.
Okawaru was aware of your devotion.
You visited 2 branches of the dungeon, and saw 6 of its levels.

You collected 393 gold pieces.
You spent 357 gold pieces at shops.

Inventory:

Hand Weapons
 a - a +0 vampiric flail (weapon)
 i - the +5 hunting sling "Cecwis" {vorpal, rN++ Int-2 Dex+5}
   (You found it on level 5 of the Dungeon)

   Any ammunition fired from it inflicts extra damage upon your enemies.
   Int:       It affects your intelligence (-2).
   Dex:       It affects your dexterity (+5).
   rN:        It greatly protects you from negative energy.
Missiles
 e - 3 javelins (quivered)
 m - 4 poisoned darts
 o - 6 silver javelins
 r - 16 sling bullets
 s - a throwing net
 v - 77 stones
Armour
 b - a +0 scale mail
 c - a +0 buckler (worn)
 f - a +0 pair of gloves (worn)
 q - a +0 chain mail (worn)
 x - a +2 cloak of poison resistance (worn)
 y - a +0 pair of boots (worn)
Jewellery
 l - a ring of protection from fire (right hand)
 n - a ring of resist corrosion (left hand)
 p - a ring of flight
Scrolls
 g - a scroll of amnesia
 j - a scroll of enchant armour
Potions
 d - a potion of attraction
 h - a potion of cancellation
 k - 2 potions of degeneration
 t - a potion of lignification
 u - a potion of curing {unknown}
 w - a potion of haste


   Skills:
 - Level 8.0 Fighting
 + Level 11.6 Maces & Flails
 - Level 8.0 Armour
 - Level 6.3 Dodging
 - Level 3.6 Shields


You had 7 spell levels left.
You didn't know any spells.
Your spell library contained the following spells:

 Spells                   Type           Power      Damage    Failure   Level
 Pain                     Necr           0%         1d4       99%         1
 Sandblast                Erth           0%         2d4       99%         1
 Passwall                 Tmut/Erth      0%         N/A       100%        2
 Sublimation of Blood     Necr           0%         N/A       100%        2
 Stone Arrow              Conj/Erth      0%         3d7       100%        3
 Vampiric Draining        Necr           0%         2d6       100%        3
 Petrify                  Tmut/Erth      0%         N/A       100%        4
 Irradiate                Conj/Tmut      0%         3d14      100%        5
 Metabolic Englaciation   Hex/Ice        0%         N/A       100%        5
 Statue Form              Tmut/Erth      0%         N/A       100%        6
 Animate Skeleton         Necr           Unusable   N/A       N/A         1

Dungeon Overview and Level Annotations

Branches:
Dungeon (5/15)             Temple (1/1) D:4

Altars:
Elyvilon
Okawaru
Qazlal
Wu Jian
The Shining One

Shops:
D:2 =   D:5 (?[


Innate Abilities, Weirdness & Mutations

You have a pair of horns on your head.
You reflexively headbutt those who attack you in melee.


Message History

Something hits you but does no damage.
Things that are here:
a +0 giant spiked club; an ogre skeleton Something hits you but does no damage.
Something hits you but does no damage. x2
There is an open door here.
Something hits you. Something hits you but does no damage.
You hit something.
You feel better. Something hits you but does no damage.
Something hits you but does no damage. Something hits you but does no damage.
There is an open door here.
You close the door.
You start resting.
Something hits you but does no damage.
You start resting.
Something hits you but does no damage. You block something's attack.
Something hits you but does no damage. x2
Something hits you. Something hits you but does no damage. Something hits you!
Something hits you!
* * * LOW HITPOINT WARNING * * *
Something hits you but does no damage. Something hits you!
* * * LOW HITPOINT WARNING * * *
You barely miss something. Your headbutt misses something.
Something hits you but does no damage. You block something's attack.
Something hits you but does no damage.
There is an open door here.
Something hits you.
* * * LOW HITPOINT WARNING * * *
Something hits you.
* * * LOW HITPOINT WARNING * * *
There is a stone staircase leading down here.
Something hits you but does no damage. x2
Something hits you but does no damage. Something hits you!
* * * LOW HITPOINT WARNING * * *
There is a stone staircase leading down here.
Something hits you.
You die...

...#....#≈##.#........#
...#....#≈≈##≈≈≈......#
...#....##≈#.≈........#
...######.≈≈.≈........#
...........≈≈.##'######
............≈.#......#
∩.............#......#
..............#......#
..............'.@....#
+######+#.....#......#
.....){.####'##......#
.............##......#
.............#########
#######'##....#
...#.....#....#
...#.....######
...#..........#


There were no monsters in sight!

Vanquished Creatures
  A water moccasin (D:5)
  2 ice beasts
  An ogre (D:5)
  A scorpion (D:5)
  A water moccasin zombie (D:5)
  A jelly (D:4)
  Jessica (D:3)
  A centaur skeleton (D:3)
  An orc wizard (D:5)
  2 iguanas
  Robin (D:3)
  4 gnolls (D:4)
  A howler monkey skeleton (D:4)
  4 adders
  2 ufetubi
  2 worms (D:2)
  5 dart slugs
  10 orcs
  11 ball pythons
  8 endoplasms
  3 giant cockroaches
  15 goblins
  11 hobgoblins
  5 quokkas
  8 bats
  2 frilled lizards (D:1)
  8 kobolds
  8 rats
120 creatures vanquished.

Notes
Turn   | Place    | Note
-------+----------+-------------------------------------------
     0 | D:1      | raph the Minotaur Fighter began the quest for the Orb.
     0 | D:1      | Reached XP level 1. HP: 19/19 MP: 0/0
    82 | D:1      | Reached skill level 3 in Maces & Flails
   128 | D:1      | Reached XP level 2. HP: 23/26 MP: 1/1
   464 | D:1      | Reached skill level 4 in Maces & Flails
   809 | D:1      | Reached XP level 3. HP: 31/31 MP: 2/2
  1294 | D:2      | Reached skill level 5 in Maces & Flails
  1674 | D:2      | Reached XP level 4. HP: 39/39 MP: 3/3
  1856 | D:2      | Found Xijoog's Jewellery Shoppe.
  2110 | D:2      | Found a faded altar of an unknown god.
  2304 | D:3      | Found a stormy altar of Qazlal.
  2467 | D:3      | Noticed Robin
  2468 | D:3      | Found an ornate altar of the Wu Jian Council.
  2490 | D:3      | Reached skill level 6 in Maces & Flails
  2502 | D:3      | Killed Robin
  2626 | D:3      | Noticed Jessica
  2630 | D:3      | Killed Jessica
  2631 | D:3      | Reached XP level 5. HP: 40/45 MP: 4/4
  3035 | D:3      | Reached skill level 9 in Maces & Flails
  3035 | D:3      | Reached XP level 6. HP: 61/61 MP: 5/5
  3206 | D:3      | Found an iron altar of Okawaru.
  3220 | D:3      | Became a worshipper of Warmaster Okawaru
  3246 | D:3      | Found a glowing golden altar of the Shining One.
  3358 | D:4      | Noticed an ice beast
  3373 | D:4      | Killed an ice beast
  3374 | D:4      | Reached skill level 10 in Maces & Flails
  3516 | D:4      | Found a staircase to the Ecumenical Temple.
  3812 | D:4      | Reached XP level 7. HP: 68/68 MP: 6/6
  3954 | D:4      | Reached * piety under Okawaru
  4192 | Temple   | Entered the Ecumenical Temple
  4206 | D:5      | Entered Level 5 of the Dungeon
  4216 | D:5      | Identified the +5 hunting sling "Cecwis" {vorpal, rN++
                  | Int-2 Dex+5}
  4492 | D:5      | Found Zasmuiq's Antique Weapon Boutique.
  4628 | D:5      | Found a white marble altar of Elyvilon.
  4786 | D:5      | Reached skill level 11 in Maces & Flails
  5056 | D:5      | Found Oleurar's Magic Scroll Emporium.
  5089 | D:5      | Bought a scroll of enchant armour for 105 gold pieces
  5173 | D:5      | Found Bemimoge's Armour Emporium.
  5183 | D:5      | Reached XP level 8. HP: 64/74 MP: 7/7
  5185 | D:5      | Bought a +2 cloak of poison resistance for 203 gold pieces
  5185 | D:5      | Bought a +0 pair of boots for 49 gold pieces
  5353 | D:5      | HP: 3/74 [something (7)]
  5354 | D:5      | Slain by an unseen horror

Illustrated notes

Levels and vault maps discovered:
D:1:      beargit_arrival_greenhouse, layout_basic, minmay_misc_feat_ornament
D:2:      layout_basic, serial_shops, shop,
          shapermc_ecumenical_altar_mp_highgroup, minmay_joined_circles
D:3:      layout_loops_corners, grunt_qazlal_sundering,
          nicolae_wu_jian_wuxing_cycle, mainiacjoe_overflow_two_lobes,
          uniq_robin, uniq_jessica
D:4:      layout_loops_cross, minmay_temple_entry_offerings, moated_statue
D:5:      layout_gridville, nicolae_overflow_crystal_walls, serial_shops,
          shop_scrolls, nicolae_shop_stone, nicolae_stop_n_shop_2,
          chequers_serial_rivers_small_b
Temple:   compressed_dpeg_circular_temple

Skill      XL: |  1  2  3  4  5  6  7 |
---------------+----------------------+-----
Maces & Flails | 3 4 5 6 9 10 11 | 11.6
Fighting       | 8 |  8.0
Armour         | 8 |  8.0
Dodging        | 6 |  6.3
Shields        | |  3.6

Action                   |  1- 3 |  4- 6 |  7- 9 || total
-------------------------+-------+-------+-------++-------
Melee: Flail             |    86 |   107 |   102 ||   295
       Headbutt          |    15 |    15 |    11 ||    41
Invok: Heroism           |       |       |     3 ||     3
  Use: Scroll            |     3 |     3 |     6 ||    12
       Potion            |     1 |     1 |     1 ||     3
Armor: Scale mail        |    39 |    36 |       ||    75
       Chain mail        |       |    25 |   123 ||   148
Dodge: Dodged            |    44 |    44 |    24 ||   112
Block: Buckler           |    15 |    40 |    21 ||    76
